 Dungeon Crawl Stone Soup version 0.22-a0-166-g5351223 (webtiles) character file.

22 mhoghedin the Stinger (level 2, -2/22 HPs)
             Began as a Naga Venom Mage on Feb 13, 2018.
             Slain by a kobold
             ... wielding a +0 short sword
              (7 damage)
             ... on level 1 of the Dungeon.
             The game lasted 00:01:26 (913 turns).

mhoghedin the Stinger (Naga Venom Mage)              Turns: 913, Time: 00:01:26

Health: -2/22      AC:  1    Str: 10    XL:     2   Next: 91%
Magic:  5/5        EV: 10    Int: 15    God:
Gold:   30         SH:  0    Dex: 15    Spells: 4/5 levels left

rFire    . . .     SeeInvis +   h - +2 whip (venom)
rCold    . . .     Gourm    .   (no shield)
rNeg     . . .     Faith    .   a - +0 robe
rPois    +         Spirit   .   (no helmet)
rElec    .         Reflect  .   (no cloak)
rCorr    .         Harm     .   (no gloves)
MR       .....                  (no barding)
Stlth    ++........             (no amulet)
HPRegen  0.07/turn              f - +4 ring of dexterity
MPRegen  0.09/turn              (no ring)

@: very slow
A: large, see invisible, deformed body, poison resistance, slowness 2, slow
metabolism 1, spit poison 1, AC +0
a: Spit Poison


You were on level 1 of the Dungeon.
You were not hungry.

You visited 1 branch of the dungeon, and saw 1 of its levels.

You collected 30 gold pieces.

Inventory:

Hand Weapons
 d - a +0 whip
   (You took it off a kobold on level 1 of the Dungeon)
 e - a +0 club
   (You took it off a hobgoblin on level 1 of the Dungeon)
 h - a +2 whip of venom (weapon)
   (You took it off a kobold on level 1 of the Dungeon)
Armour
 a - a +0 robe (worn)
Jewellery
 f - a +4 ring of dexterity (left hand)
   (You found it on level 1 of the Dungeon)
Scrolls
 i - 3 scrolls of identify {unknown}
Potions
 g - a potion of lignification {unknown}
Books
 b - a Young Poisoner's Handbook
Comestibles
 c - 3 rations


   Skills:
 - Level 1.5 Dodging
 - Level 3.0 Stealth
 - Level 2.0 Spellcasting
 - Level 1.0 Conjurations
 + Level 5.4 Poison Magic


You had 4 spell levels left.
You knew the following spells:

 Your Spells              Type           Power        Failure   Level  Hunger
a - Sting                 Conj/Pois      ##..         6%          1    #......


Dungeon Overview and Level Annotations

Branches:
Dungeon (1/15)

Altars:


Innate Abilities, Weirdness & Mutations

You cannot wear boots.
Your serpentine skin is tough. (AC +0)
You have supernaturally acute eyesight. (SInv)
Armour fits poorly on your strangely shaped body.
Your system is resistant to poisons. (rPois)
You cover ground very slowly.
You have a slow metabolism.
You can spit poison.


Message History

A leopard gecko comes into view.
The leopard gecko hisses angrily.
The leopard gecko moves out of view.
A leopard gecko is nearby!
The leopard gecko bites you.
You take 1 damage, and have 15/22 hp.
You hit the leopard gecko.
The leopard gecko is poisoned.
You kill the leopard gecko!
No target in view!
No target in view!
No target in view!
No target in view!
No target in view!
No target in view!
No target in view!
A dart slug comes into view.
You see here a leopard gecko corpse.
A dart slug is nearby!
The dart slug launches a dart at you. The slug dart hits you!
You take 4 damage, and have 12/22 hp.
You are too injured to fight recklessly!
You are too injured to fight recklessly!
You are too injured to fight recklessly!
You are too injured to fight recklessly!
You are too injured to fight recklessly!
You are too injured to fight recklessly!
You are too injured to fight recklessly!
You are too injured to fight recklessly!
You are too injured to fight recklessly!
You are too injured to fight recklessly!
You are too injured to fight recklessly!
You are too injured to fight recklessly!
You are too injured to fight recklessly!
You are too injured to fight recklessly!
You are too injured to fight recklessly!
You are too injured to fight recklessly!
Aim: a dart slug (clinging)
The splash of poison hits the dart slug.
The dart slug is poisoned.
You feel slightly more hungry.
You see here a leopard gecko corpse.
You have got your breath back.
The dart slug launches a dart at you. The slug dart hits you!
You take 4 damage, and have 8/22 hp.
You feel a bit more experienced.
You start resting.
Health restored: 22 You see here a leopard gecko corpse.
A rat comes into view.
A rat is nearby!
A rat is nearby!
The rat barely misses you.
You whack the rat!
You kill the rat!
No target in view!
No target in view!
No target in view!
No target in view!
No target in view!
No target in view!
No target in view!
No target in view!
No target in view!
Items here: ( ) รทรท a short sword; a stone; a hobgoblin skeleton; a kobold skeleton
There is a stone staircase leading down here.
A kobold comes into view. It is wielding a short sword.
A kobold is nearby!
The kobold shouts!
You hear a shout!
The kobold throws a stone.
The stone barely misses you.
Found a stone staircase leading down.
A gnoll comes into view. It is wielding a club.
The gnoll shouts!
The kobold throws a stone.
The stone hits you.
The kobold throws a stone.
The stone hits you but does no damage.
A kobold comes into view. It is wielding a short sword.
You see here 2 stones.
The kobold throws a stone.
The stone hits you but does no damage.
You see here a stone.
The kobold hits you but does no damage. The kobold hits you with a short sword.
You closely miss the gnoll. The gnoll misses you.
The kobold hits you but does no damage.
You barely miss the gnoll. The gnoll misses you.
The kobold hits you with a short sword.
You closely miss the gnoll. The gnoll hits you with a club!
The kobold hits you with a short sword.
* * * LOW HITPOINT WARNING * * *
You are too injured to fight recklessly!
You are too injured to fight recklessly!
You are too injured to fight recklessly!
You are too injured to fight recklessly!
You are too injured to fight recklessly!
You are too injured to fight recklessly!
You are too injured to fight recklessly!
You take 17 damage, and have 5/22 hp.
MASSIVE DAMAGE!!
You hit the gnoll.
The gnoll is poisoned.
The gnoll misses you. The kobold hits you with a short sword!
You die...

###.#......#.# .. #..
#.##..####.# # #. ... ..
#..####.# #.#.. ...
##[##.......# #.... #.#
#.#.#.#.#.#.##
#.....>................#
#.....#.#.#.#.#.#.#.#.##
....#.KgK.............#
#. #..#@#.#.#.#.#.#.#.##
...#....................
#....#(#.#.#.#.#.#.#.##
####..(...........(....
#.#.#.#.#.#.#.#.#.#.
#..(................
#.#.#.#.#.#.#.#)#.#.
####.........##.#.##.##
.................#.##...


You could see a gnoll and 2 kobolds.

Vanquished Creatures
  2 dart slugs (D:1)
  A leopard gecko (D:1)
  2 bats (D:1)
  A goblin (D:1)
  3 hobgoblins (D:1)
  4 kobolds (D:1)
  2 rats (D:1)
15 creatures vanquished.

Vanquished Creatures (others)
  A bat (D:1)
1 creature vanquished.

Grand Total: 16 creatures vanquished

Notes
Turn   | Place    | Note
-------+----------+-------------------------------------------
     0 | D:1      | mhoghedin the Naga Venom Mage began the quest for the Orb.
     0 | D:1      | Reached XP level 1. HP: 15/15 MP: 3/3
    39 | D:1      | HP: 2/15 [kobold/whip (3)]
   452 | D:1      | Reached XP level 2. HP: 22/22 MP: 5/5
   547 | D:1      | Reached skill level 5 in Poison Magic
   912 | D:1      | HP: 5/22 [kobold/short sword (3)]
   913 | D:1      | Slain by a kobold

Vault maps used:
D:1:      kennysheep_arrival_forest, st_stairs_11

Skill      XL: |  1  2 |
---------------+-------+-----
Poison Magic   | 5 |  5.4
Dodging        | |  1.5
Stealth        | |  3.0
Spellcasting   | |  2.0
Conjurations   | |  1.0

Action                   || total
-------------------------++-------
Melee: Unarmed           ||     5
       Whip              ||    17
 Cast: Sting             ||     6
 Abil: Spit Poison       ||     6
 Stab: Sleeping          ||     2
Armor: Robe              ||     5
Dodge: Dodged            ||    23

Table legend:
 A = Spawn XP
 B = Non-spawn XP
 C = Spawn XP percentage of total XP
 D = Spawn monster count
 E = Non-spawn monster count
 F = Spawn count percentage of total count
 G = Total turns spent on level
                    A         B        C        D         E        F      G
               +---------+---------+-------+---------+---------+-------+---------
         Total |       0 |      32 |   0.0 |       0 |      16 |   0.0 |   913
               +---------+---------+-------+---------+---------+-------+---------
           D:1 |       0 |      32 |   0.0 |       0 |      16 |   0.0 |   913
               +---------+---------+-------+---------+---------+-------+---------

Vault maps used:
D:1:      kennysheep_arrival_forest, st_stairs_11

Table legend:
 A = Turns spent in this place as a percentage of turns spent in the entire game.
 B = Non-inter-level travel turns spent in this place as a percentage of non-inter-level travel turns spent in the entire game.
 C = Inter-level travel turns spent in this place as a percentage of turns spent in this place.
 D = Turns resting spent in this place as a percentage of non-inter-level travel turns spent in this place.
 E = Turns spent auto-exploring this place as a percentage of non-inter-level travel turns spent in this place.
 F = Non-inter-level travel turns spent in this place divided by the number of levels of this place that you've seen.
                   A       B       C       D       E      F
               +-------+-------+-------+-------+-------+----------------------
         Total | 100.0 | 100.0 |   0.0 |  63.9 |  24.9 | 913.0
       Dungeon | 100.0 | 100.0 |   0.0 |  63.9 |  24.9 | 913.0
               +-------+-------+-------+-------+-------+----------------------

Table legend:
 A = Kills in this place as a percentage of kills in entire the game.
 B = Kills by you in this place as a percentage of kills by you in the entire game.
 C = Kills by friends in this place as a percentage of kills by friends in the entire game.
 D = Other kills in this place as a percentage of other kills in the entire game.
 E = Experience gained in this place as a percentage of experience gained in the entire game.
 F = Experience gained in this place divided by the number of levels of this place that you have seen.
                   A       B       C       D       E      F
               +-------+-------+-------+-------+-------+----------------------
         Total | 100.0 | 100.0 |   N/A | 100.0 | 100.0 |  32.0
       Dungeon | 100.0 | 100.0 |   N/A | 100.0 | 100.0 |  32.0
               +-------+-------+-------+-------+-------+----------------------
